 Dungeon Crawl Stone Soup version 0.18.1-50-g88ac8fd (webtiles) character file.

6972 Kronon the Covert (level 10, 0/80 HPs)
             Began as a Demonspawn Wanderer on Sept 22, 2016.
             Was an Elder of Dithmenos.
             Slain by a yak (11 damage)
             ... on level 9 of the Dungeon.
             The game lasted 00:27:32 (7420 turns).

Kronon the Covert (Demonspawn Wanderer)             Turns: 7420, Time: 00:27:33

Health: 0/80       AC:  5    Str: 16    XL:     10   Next: 81%
Magic:  10/10      EV: 15    Int: 13    God:    Dithmenos [****..]
Gold:   482        SH:  0    Dex: 13    Spells: 0 memorised, 9 levels left

rFire  + . .     SeeInvis .       - Unarmed
rCold  . . .     Gourm    .     c - +0 robe
rNeg   + . .     Faith    .     (no shield)
rPois  .         Spirit   .     u - +2 hat
rElec  .         Dismiss  .     (no cloak)
rCorr  .         Reflect  .     E - +0 pair of gloves
SustAt .         Harm     +     (no boots)
MR     .....                    K - amulet of harm
Stlth  ++++++....               k - ring of protection from fire
                                D - ring of positive energy

@: wreathed by umbra, not resistant to hostile enchantments, very stealthy
A: antennae 1, claws 1, talons 2, powered by death 1, spiny 2
a: Shadow Step, Renounce Religion


You were on level 9 of the Dungeon.
You worshipped Dithmenos.
Dithmenos was greatly pleased with you.
You were not hungry.

You visited 2 branches of the dungeon, and saw 11 of its levels.
You also visited: Sewer.

You collected 482 gold pieces.

Inventory:

Hand Weapons
 a - a +2 short sword
 h - a +0 short sword of venom
 i - a +2 dagger of draining
 q - a +0 great sword
Missiles
 g - 8 tomahawks of returning (quivered)
Armour
 c - a +0 robe (worn)
 u - a +2 hat (worn)
 E - a +0 pair of gloves (worn)
Jewellery
 k - a ring of protection from fire (right hand)
 D - a ring of positive energy (left hand)
 H - an uncursed ring of flight
 K - an amulet of harm (around neck)
 M - an uncursed ring of wizardry {unknown}
 P - a +3 ring of slaying {unknown}
Wands
 e - a wand of lightning (3/15)
 x - a wand of digging (11/24)
 J - a wand of polymorph (16/24)
Scrolls
 b - 2 scrolls of teleportation
 j - a scroll of fog {unknown}
 l - 3 scrolls of remove curse {unknown}
 m - 2 scrolls of enchant weapon {unknown}
 p - 2 scrolls of immolation {unknown}
 t - a scroll of recharging {unknown}
 y - 2 scrolls of fear {unknown}
 B - 5 scrolls of magic mapping {unknown}
 F - 3 scrolls of enchant armour {unknown}
 N - 2 scrolls of identify
Potions
 d - a potion of haste
 n - 2 potions of flight
 o - 9 potions of curing {unknown}
 w - 2 potions of degeneration
 A - 3 potions of agility {unknown}
 G - a potion of ambrosia
 I - 2 potions of brilliance {unknown}
 L - 2 potions of magic {unknown}
 O - a potion of cancellation {unknown}
Comestibles
 f - 11 bread rations
 r - 5 meat rations
 s - a royal jelly
 v - 8 chunks of flesh
 z - a beef jerky
 C - 5 fruits


   Skills:
 + Level 7.8 Fighting
 - Level 1.0 Short Blades
   Level 1.0 Bows
 - Level 1.7 Armour
 - Level 7.1 Dodging
 - Level 10.5 Stealth
 * Level 6.9 Unarmed Combat
 - Level 1.0 Evocations


You had 9 spell levels left.
You didn't know any spells.

Dungeon Overview and Level Annotations

Branches:
Dungeon (10/15)            Temple (0/1) D:6            Lair (1/8) D:9
    Orc (0/2) D:9

Altars:
Dithmenos
Nemelex Xobeh
Qazlal
Trog

Shops:
D:7 (

Annotations:
D:2 Crazy Yiuf


Innate Abilities, Weirdness & Mutations

You have a pair of small antennae on your head.
You have sharp fingernails.
You have razor-sharp toenails.
You regenerate a little health from kills.
You are mostly covered in sharp spines.


Message History

Your shadow closely misses the yak.
The yak is struck by your spines. The yak gores you!
You hit the yak but do no damage.
The yak is moderately wounded.
The yak gores you!
* * * LOW HITPOINT WARNING * * *
You barely miss the yak.
The yak is moderately wounded.
You hit the yak but do no damage. Your kick misses the yak.
The yak is moderately wounded.
Your shadow hits the yak. The yak is struck by your spines.
The yak completely misses you.
You closely miss the yak. You claw the yak, but do no damage.
The yak is heavily wounded.
The yak is struck by your spines. The yak gores you!
* * * LOW HITPOINT WARNING * * *
You hit the yak.
The yak is almost dead.
The yak gores you!
You die...

#### ..# ###### ###.### ..>...
#.....# . ....# ####.....# ..
..#.# #.@Y.....# .# #.#.#
##.##.....# .# #.#(#
##.#.#.....##########
.#####.#.####.###.##.#...Y.......
..##.........## ##.#<############
...(.....####.###..#.#
....)...#).###.#.#.#.########
().....###.####.##..........#
).(...## ##.<...#....######.#


You could see a yak.

Vanquished Creatures
  Erica (D:9)
  An unseen horror (D:10)
  The ghost of cedor the Ducker, a novice DsGl of Okawaru (D:9)
  Pikel (D:8)
  A spriggan (D:7)
  Eustachio (D:5)
  4 yaks (D:9)
  2 wargs (D:9)
  Duvessa (D:5)
  3 slaves (D:8)
  3 sky beasts
  3 eyes of draining (D:7)
  4 ice beasts
  4 orc warriors
  2 phantoms
  4 centaurs
  4 big kobolds
  3 giant frogs
  Dowan (D:5)
  A water moccasin zombie (D:8)
  A scorpion (D:5)
  A howler monkey (D:5)
  4 crimson imps
  5 orc priests
  8 hounds
  A giant frog skeleton (D:5)
  4 iguanas
  Ijyb (D:2)
  5 worker ants
  Natasha (twice) (D:2)
  2 orc wizards
  2 worker ant zombies (D:7)
  Robin (D:3)
  A river rat (Sewer)
  12 adders
  A shadow imp (D:6)
  2 oozes (Sewer)
  An adder skeleton (D:9)
  An adder zombie (D:3)
  3 worms
  A dart slug (D:2)
  5 giant geckos
  19 orcs
  8 giant cockroaches
  14 goblins
  11 hobgoblins
  3 jackals (D:7)
  18 kobolds
  6 quokkas
  7 ball pythons
  14 bats
  A giant gecko skeleton (D:7)
  A giant gecko zombie (D:5)
  9 giant newts
  6 rats
226 creatures vanquished.

Notes
Turn   | Place    | Note
--------------------------------------------------------------
     0 | D:1      | Kronon the Demonspawn Wanderer began the quest for the Orb.
     0 | D:1      | Kronon set off with: a +2 short sword, 2 scrolls of teleportation, a +0 robe, a +0 dagger, a bread ration
     0 | D:1      | Reached XP level 1. HP: 18/18 MP: 1/1
   329 | D:1      | Gained mutation: You are partially covered in sharp spines. [demonic ancestry]
   329 | D:1      | Reached XP level 2. HP: 22/24 MP: 2/2
   369 | D:1      | Found a sparkling altar of Nemelex Xobeh.
   782 | D:2      | Found a shadowy altar of Dithmenos.
   800 | D:2      | Became a worshipper of Dithmenos the Shadowed
   862 | D:2      | Reached XP level 3. HP: 30/30 MP: 3/3
   891 | D:2      | Reached skill level 2 in Stealth
  1010 | D:2      | Noticed Natasha
  1018 | D:2      | Killed Natasha
  1018 | D:2      | Reached XP level 4. HP: 23/38 MP: 4/4
  1188 | D:2      | Noticed Ijyb
  1209 | D:2      | Killed Ijyb
  1358 | D:2      | Reached * piety under Dithmenos
  1371 | D:2      | Noticed Natasha
  1377 | D:2      | Killed Natasha
  1377 | D:2      | Reached skill level 5 in Fighting
  1377 | D:2      | Reached skill level 3 in Stealth
  1394 | D:2      | Noticed Crazy Yiuf
  1496 | D:3      | Gained mutation: You have sharp fingernails. [demonic ancestry]
  1496 | D:3      | Reached XP level 5. HP: 43/44 MP: 5/5
  1525 | D:3      | Noticed Robin
  1814 | D:3      | Killed Robin
  2057 | D:3      | Reached ** piety under Dithmenos
  2057 | D:3      | Reached skill level 4 in Stealth
  2478 | D:4      | Found a glowing drain.
  2483 | Sewer    | Entered a sewer
  2488 | Sewer    | Gained mutation: You are mostly covered in sharp spines. [demonic ancestry]
  2488 | Sewer    | Reached XP level 6. HP: 51/51 MP: 6/6
  2744 | Sewer    | Reached skill level 5 in Stealth
  3359 | D:5      | Entered Level 5 of the Dungeon
  3377 | D:5      | Noticed a sky beast
  3389 | D:5      | Killed a sky beast
  3389 | D:5      | Reached skill level 6 in Stealth
  3389 | D:5      | Gained mutation: You regenerate a little health from kills. [demonic ancestry]
  3389 | D:5      | Reached XP level 7. HP: 56/56 MP: 7/7
  3584 | D:5      | Reached skill level 7 in Stealth
  3700 | D:5      | Noticed Eustachio
  3721 | D:5      | Killed Eustachio
  3735 | D:5      | Reached skill level 8 in Stealth
  3895 | D:5      | Noticed Duvessa
  3897 | D:5      | Noticed Dowan
  3939 | D:5      | Gained mutation: You have sharp toenails. [demonic ancestry]
  3939 | D:5      | Reached XP level 8. HP: 63/63 MP: 8/8
  3954 | D:5      | Killed Duvessa
  3967 | D:5      | Killed Dowan
  3996 | D:5      | Reached skill level 9 in Stealth
  4212 | D:6      | Found a staircase to the Ecumenical Temple.
  4225 | D:6      | Reached skill level 10 in Stealth
  4281 | D:6      | Reached *** piety under Dithmenos
  4310 | D:6      | HP: 2/63 [ogre/giant club (30)]
  4800 | D:7      | Found a stormy altar of Qazlal.
  4824 | D:7      | Reached skill level 1 in Dodging
  4923 | D:7      | Found Zoluruis's Weapon Emporium.
  4935 | D:7      | Gained mutation: You have razor-sharp toenails. [demonic ancestry]
  4935 | D:7      | Reached XP level 9. HP: 68/68 MP: 9/9
  5153 | D:7      | Found a bloodstained altar of Trog.
  5302 | D:7      | Reached skill level 5 in Dodging
  5829 | D:8      | Reached **** piety under Dithmenos
  6458 | D:8      | Reached skill level 1 in Unarmed Combat
  6470 | D:8      | Noticed Pikel
  6512 | D:8      | Killed Pikel
  6520 | D:8      | Gained mutation: You have a pair of small antennae on your head. [demonic ancestry]
  6520 | D:8      | Reached XP level 10. HP: 70/76 MP: 10/10
  6750 | D:9      | Found a staircase to the Orcish Mines.
  6752 | D:9      | Noticed cedor's ghost (novice DsGl)
  6851 | D:9      | Found a staircase to the Lair.
  6858 | D:9      | Noticed Erica
  7090 | D:9      | Killed cedor's ghost
  7090 | D:9      | Reached skill level 5 in Unarmed Combat
  7200 | D:10     | Entered Level 10 of the Dungeon
  7217 | D:10     | Killed an unseen horror
  7233 | D:10     | Noticed a gargoyle
  7286 | Lair:1   | Entered Level 1 of the Lair of Beasts
  7286 | Lair:1   | Noticed a spiny frog
  7322 | D:9      | Killed Erica
  7420 | D:9      | Slain by a yak

Skill      XL: |  1  2  3  4  5  6  7  8  9 10 |
---------------+-------------------------------+-----
Fighting       | 4 5 7 |  7.8
Stealth        | 2 3 4 6 8 10 | 10.5
Dodging        | 2 7 |  7.1
Unarmed Combat | 3 6 |  6.9
Short Blades   | |  1.0
Bows           | |  1.0
Armour         | |  1.7
Evocations     | |  1.0

Action                   |  1- 3 |  4- 6 |  7- 9 | 10-12 || total
-------------------------+-------+-------+-------+-------++-------
Melee: Dagger            |    29 |   125 |   259 |   133 ||   546
       Short sword       |     4 |       |       |       ||     4
       Kick              |       |       |    57 |    27 ||    84
       Punch             |       |       |     1 |     3 ||     4
       Unarmed           |       |       |       |    24 ||    24
Throw: Tomahawk          |     4 |       |       |       ||     4
Invok: Shadow Step       |       |       |     1 |       ||     1
  Use: Scroll            |       |       |     5 |     1 ||     6
       Potion            |       |       |     3 |     3 ||     6
 Stab: Sleeping          |     5 |     8 |    27 |     2 ||    42
       Distracted        |       |       |       |     2 ||     2
  Eat: Chunk             |       |     8 |    10 |     3 ||    21
Armor: Robe              |     1 |    19 |    20 |    13 ||    53
       Skin              |       |       |    41 |    55 ||    96
Dodge: Dodged            |     4 |    50 |    99 |    56 ||   209
